 Dungeon Crawl Stone Soup version 0.26.1-11-gd32895ea62 (webtiles) character file.

Game seed: 15774134731560425657

2138 Zeld the Skirmisher (level 9, 0/79 HPs)
             Began as a Red Draconian Monk on Sept 1, 2021.
             Was a Priest of Nemelex Xobeh.
             Slain by a water moccasin (1 damage)
             ... on level 7 of the Dungeon.
             The game lasted 00:14:08 (10584 turns).

Zeld the Skirmisher (Red Draconian Monk)           Turns: 10584, Time: 00:14:09

Health: 0/79       AC:  9    Str: 17    XL:     9   Next: 9%
Magic:  9/9        EV: 12    Int: 11    God:    Nemelex Xobeh [***...]
Gold:   461        SH:  9    Dex: 13    Spells: 8/8 levels left

rFire    + . .     SeeInvis .   a - +0 falchion
rCold    . . .     Faith    .   x - +0 kite shield
rNeg     . . .     Spirit   .   (armour unavailable)
rPois    .         Reflect  .   (helmet restricted)
rElec    .         Harm     .   r - +0 cloak
rCorr    .         Rampage  .   (no gloves)
Will     .....                  s - +0 pair of boots
Stlth    +++.......             (no amulet)
HPRegen  0.23/turn              (no ring)
MPRegen  0.11/turn              (no ring)

@: lethally poisoned (0 -> -3), slowed, very slow
A: breathe fire, unfitting armour, fire resistance 1, cold-blooded, AC +7
a: Breathe Fire, Renounce Religion, Draw Escape, Draw Destruction, Draw
Summoning, Triple Draw


You were on level 7 of the Dungeon.
You worshipped Nemelex Xobeh.
Nemelex Xobeh was most pleased with you.
You visited 1 branch of the dungeon, and saw 7 of its levels.

You collected 461 gold pieces.

Inventory:

Hand Weapons
 a - a +0 falchion (weapon)
Missiles
 j - 236 stones
 m - 48 poisoned darts (quivered)
 q - 2 javelins
Armour
 r - a +0 cloak (worn)
 s - a +0 pair of boots (worn)
 x - a +0 kite shield (worn)
Jewellery
 b - a +6 ring of dexterity {unknown}
 u - an uncursed ring of stealth {unknown}
Wands
 y - a wand of iceblast (12)
 z - a wand of paralysis (5)
 B - a wand of random effects (5)
Scrolls
 d - 5 scrolls of magic mapping {unknown}
 f - a scroll of blinking {unknown}
 g - 8 scrolls of identify {unknown}
 k - 4 scrolls of fog {unknown}
 l - 2 scrolls of amnesia {unknown}
 o - 4 scrolls of remove curse {unknown}
 v - 2 scrolls of teleportation {unknown}
 w - 4 scrolls of immolation {unknown}
 A - 2 scrolls of enchant weapon {unknown}
 D - a scroll of enchant armour {unknown}
Potions
 c - a potion of haste {unknown}
 e - a potion of flight {unknown}
 h - a potion of cancellation {unknown}
 i - 5 potions of might {unknown}
 p - 3 potions of lignification {unknown}
 t - 3 potions of magic {unknown}
 C - 2 potions of heal wounds {unknown}


   Skills:
 * Level 7.2 Fighting
 * Level 6.5 Long Blades
 * Level 4.9 Throwing
 + Level 4.6 Dodging
 + Level 4.3 Stealth
 + Level 2.9 Shields


You had 8 spell levels left.
You didn't know any spells.
Your spell library was empty.

Dungeon Overview and Level Annotations

Branches:
Dungeon (7/15)
 Temple: D:4-7

Altars:
Dithmenos
Elyvilon
Fedhas
Nemelex Xobeh
Okawaru
Vehumet


Innate Abilities, Weirdness & Mutations

You can breathe blasts of fire.
Your fiery red scales are hard. (AC +7)
You cannot fit into any form of body armour.
Your flesh is heat resistant. (rF+)
You are cold-blooded and may be slowed by cold attacks.


Message History

* * * LOW HITPOINT WARNING * * *
The water moccasin closely misses you. The hornet closely misses you.
You riposte.
You hit the hornet.
Your tail-slap misses the hornet.
The hornet is lightly wounded.
You draw a card...
You have drawn the Tomb.
Nothing appears to happen.
You block the hornet's attack.
The water moccasin bites you but does no damage.
You draw a card...
You have drawn the Tomb.
Nothing appears to happen.
You block the hornet's attack. You block the water moccasin's attack.
The hornet stings you.
* * * LOW HITPOINT WARNING * * *
You are lethally poisoned!
You feel as though you will be slow longer.
You draw a card...
You have drawn the Cloud.
Clouds appear around you!
* * * LOW HITPOINT WARNING * * *
You feel sick. You block the water moccasin's attack.
The hornet stings you but does no damage.
The water moccasin bites you.
You die...
Your body glows with a rainbow of weird colours and disappears.

##.###...... #..#
#...... #.## #..8.#.
#.####..#.##
#####.##....####
##........##.....
##ยงยง...#######....
###Sy##### #####
##.#@##
#######..####
#.........##
#....(....#
#......)..#
#......<..#
#.........#
###########


You could see a hornet (slow) and a water moccasin (slow).

Vanquished Creatures
  2 ice beasts
  A phantom (D:5)
  3 ogres
  3 centaurs (D:6)
  A bullfrog (D:6)
  2 scorpions
  3 wights (D:7)
  2 howler monkeys
  2 bullfrog zombies
  A centaur zombie (D:6)
  A hound (D:6)
  2 centaur skeletons (D:6)
  An orc priest (D:3)
  Crazy Yiuf (D:2)
  2 jellies
  6 orc wizards
  Ijyb (D:5)
  An iguana (D:6)
  7 worker ants
  2 hound zombies
  A hound skeleton (D:4)
  4 gnolls
  7 adders
  A shadow imp (D:5)
  An ufetubus (D:5)
  An adder zombie (D:7)
  An adder skeleton (D:3)
  6 worms
  5 dart slugs
  8 leopard geckos
  13 orcs
  A ball python (D:4)
  7 bats
  6 giant cockroaches
  6 goblins
  8 hobgoblins
  8 jackals (D:3)
  3 quokkas (D:3)
  5 frilled lizards
  A giant cockroach zombie (D:6)
  5 kobolds
  5 rats
147 creatures vanquished.

Vanquished Creatures (collateral kills)
  An ogre (D:3)
1 creature vanquished.

Vanquished Creatures (others)
  An orc wizard (D:4)
1 creature vanquished.

Grand Total: 149 creatures vanquished

Notes
Turn   | Place    | Note
-------+----------+-------------------------------------------
     0 | D:1      | Zeld the Draconian Monk began the quest for the Orb.
     0 | D:1      | Reached XP level 1. HP: 19/19 MP: 1/1
   171 | D:1      | Reached XP level 2. HP: 26/26 MP: 2/2
   857 | D:1      | Reached XP level 3. HP: 23/33 MP: 3/3
  1357 | D:2      | Reached skill level 4 in Fighting
  2240 | D:2      | Reached XP level 4. HP: 37/40 MP: 4/4
  2290 | D:2      | Found a sparkling altar of Nemelex Xobeh.
  2336 | D:2      | Found a runed translucent door.
  2337 | D:2      | Noticed Crazy Yiuf
  2693 | D:2      | Became a worshipper of Nemelex Xobeh the Trickster
  2693 | D:2      | Reached * piety under Nemelex Xobeh
  2693 | D:2      | Received a gift from Nemelex Xobeh
  2693 | D:2      | Reached ** piety under Nemelex Xobeh
  2938 | D:2      | Killed Crazy Yiuf
  2939 | D:2      | Reached skill level 1 in Throwing
  3253 | D:3      | Noticed an ogre
  3278 | D:3      | Killed an ogre
  3279 | D:3      | Reached XP level 5. HP: 47/47 MP: 5/5
  3491 | D:3      | Found a white marble altar of Elyvilon.
  3547 | D:3      | Received a gift from Nemelex Xobeh
  4637 | D:4      | Noticed an ogre
  4648 | D:4      | Killed an ogre
  4649 | D:4      | Reached XP level 6. HP: 55/55 MP: 6/6
  4687 | D:4      | Reached skill level 5 in Fighting
  5242 | D:4      | Your scales start taking on a fiery red colour.
  5242 | D:4      | Reached XP level 7. HP: 39/61 MP: 7/7
  5242 | D:4      | Gained mutation: Your flesh is heat resistant. (rF+) [Red
                  | Draconian growth]
  6056 | D:5      | Entered Level 5 of the Dungeon
  6056 | D:5      | Reached *** piety under Nemelex Xobeh
  6056 | D:5      | Received a gift from Nemelex Xobeh
  6091 | D:5      | Reached skill level 5 in Long Blades
  6110 | D:5      | Reached skill level 1 in Shields
  6687 | D:5      | Noticed Ijyb
  7144 | D:5      | Killed Ijyb
  7451 | D:5      | Reached skill level 6 in Fighting
  7451 | D:5      | Reached XP level 8. HP: 48/70 MP: 8/8
  7552 | D:5      | Found a shadowy altar of Dithmenos.
  8944 | D:6      | Found a blossoming altar of Fedhas.
  8950 | D:6      | Found an iron altar of Okawaru.
  8953 | D:6      | Found a radiant altar of Vehumet.
  9451 | D:7      | Noticed a hornet
  9603 | D:6      | Reached skill level 7 in Fighting
 10182 | D:7      | Reached XP level 9. HP: 28/76 MP: 9/9
 10546 | D:7      | Received a gift from Nemelex Xobeh
 10574 | D:7      | Paralysed by a hornet for 3 turns
 10576 | D:7      | HP: 3/79 [hornet (7)]
 10583 | D:7      | HP: 3/79 [hornet (4)]
 10584 | D:7      | HP: 1/79 [poisoned by a hornet]
 10584 | D:7      | Slain by a water moccasin

Illustrated notes

Levels and vault maps discovered:
D:1:      mrwooster_arrival_statue_3, layout_basic, minmay_tetromino_l4
D:2:      layout_rooms, nemelex_xobeh_ov_fountains_minmay,
          uniq_crazy_yiuf_cottage
D:3:      layout_loops_cross, elyvilon_altar_1
D:4:      layout_cave_pods
D:5:      layout_cave_pools, nicolae_dithmenos_shadow_blocks,
          lightli_corner_chamber, uniq_ijyb
D:6:      layout_rooms, minmay_overflow_temple_star_quad, minmay_quadrilaterals
D:7:      layout_rooms, minitemple, minmay_temple_entry_grid, serial_shops,
          nicolae_shop_statue_plus, uniq_pikel

Skill      XL: |  1  2  3  4  5  6  7  8 |
---------------+-------------------------+-----
Stealth        | 2 3 4 |  4.3
Dodging        | 3 4 |  4.6
Fighting       | 4 5 6 7 |  7.2
Throwing       | 1 2 3 4 |  4.9
Long Blades    | 4 5 6 |  6.5
Shields        | 1 2 |  2.9

Action                   |  1- 3 |  4- 6 |  7- 9 || total
-------------------------+-------+-------+-------++-------
Melee: Falchion          |   109 |   173 |   305 ||   587
       Tailslap          |    17 |    37 |    52 ||   106
Throw: Dart              |       |     7 |       ||     7
Invok: Draw Summoning    |       |     1 |       ||     1
       Draw Destruction  |       |     5 |       ||     5
       Draw Escape       |       |       |     7 ||     7
 Abil: Breathe Fire      |       |       |    23 ||    23
  Use: Potion            |       |       |     4 ||     4
 Stab: Sleeping          |     3 |     6 |     1 ||    10
       Distracted        |     1 |       |       ||     1
Armor: Skin              |    33 |    59 |   100 ||   192
Dodge: Dodged            |    94 |   126 |   144 ||   364
Block: Kite shield       |       |     9 |   155 ||   164
       Rpst.: Falchion   |    34 |    44 |    38 ||   116
